 Dungeon Crawl Stone Soup version 0.22-a0-38-gc6ec8ce517 (webtiles) character file.

123 Manul the Poker (level 4, -1/40 HPs)
             Began as a Draconian Monk on Jan 4, 2018.
             Slain by a sky beast (6 damage)
             ... on level 4 of the Dungeon.
             The game lasted 00:02:36 (2366 turns).

Manul the Poker (Draconian Monk)                    Turns: 2366, Time: 00:02:37

Health: -1/40      AC:  5    Str: 13    XL:     4   Next: 79%
Magic:  4/4        EV: 13    Int: 11    God:
Gold:   79         SH:  0    Dex: 14    Spells: 3/3 levels left

rFire    . . .     SeeInvis .   a - +0 spear
rCold    . . .     Gourm    .   (no shield)
rNeg     . . .     Faith    .   (armour unavailable)
rPois    .         Spirit   .   (helmet restricted)
rElec    .         Reflect  .   (no cloak)
rCorr    .         Harm     .   (no gloves)
MR       .....                  (no boots)
Stlth    ++........             (no amulet)
HPRegen  0.13/turn              (no ring)
MPRegen  0.09/turn              (no ring)

@: very slightly contaminated, invisible
A: unfitting armour, cold-blooded, AC +5
a: no special abilities


You were on level 4 of the Dungeon.
You were not hungry.

You visited 1 branch of the dungeon, and saw 4 of its levels.

You collected 79 gold pieces.

Inventory:

Hand Weapons
 a - a +0 spear (weapon)
Scrolls
 e - 2 scrolls of identify {unknown}
 h - a scroll of remove curse {unknown}
 i - 2 scrolls of teleportation {unknown}
Potions
 c - a potion of heal wounds {unknown}
 f - a potion of invisibility
 g - a potion of curing {unknown}
Comestibles
 b - 3 rations


   Skills:
 + Level 4.2 Fighting
 + Level 4.2 Polearms
 + Level 3.2 Dodging
 + Level 2.4 Stealth


You had 3 spell levels left.
You didn't know any spells.

Dungeon Overview and Level Annotations

Branches:
Dungeon (4/15)
 Temple: D:4-7

Altars:
Yredelemnul

Annotations:
D:3 Harunobu's ghost, amateur TrFi


Innate Abilities, Weirdness & Mutations

Your plain brown scales are hard. (AC +5)
You cannot fit into any form of body armour.
You are cold-blooded and may be slowed by cold attacks.


Message History

The sky beast closely misses you.
You completely miss the sky beast.
The sky beast is lightly wounded.
The sky beast hits you.
* * * LOW HITPOINT WARNING * * *
The sky beast shocks you.
* * * LOW HITPOINT WARNING * * *
You hit the sky beast.
Your tail-slap misses the sky beast.
The sky beast is moderately wounded.
The sky beast completely misses you.
You barely miss the sky beast.
The sky beast is moderately wounded.
The sky beast closely misses you.
You catch the helpless sky beast completely off-guard!
You hit the sky beast.
The sky beast is heavily wounded.
The sky beast hits you.
* * * LOW HITPOINT WARNING * * *
The sky beast shocks you.
You die...

#.##
##>....## #≈#
#...## #.#
#+## #.# ##.#
#..# #s## #Y#
#@#
#.########...
#...<......#
############


You could see a sky beast and a giant cockroach.

Vanquished Creatures
  A centaur skeleton (D:4)
  2 adders (D:2)
  2 oozes (D:2)
  3 worms (D:2)
  2 dart slugs
  A leopard gecko (D:1)
  A giant cockroach (D:1)
  3 goblins
  6 hobgoblins
  13 kobolds
  A quokka (D:2)
  A ball python (D:2)
  9 bats
  3 frilled lizards
  6 rats
54 creatures vanquished.

Notes
Turn   | Place    | Note
-------+----------+-------------------------------------------
     0 | D:1      | Manul the Draconian Monk began the quest for the Orb.
     0 | D:1      | Reached XP level 1. HP: 19/19 MP: 1/1
   251 | D:1      | Reached XP level 2. HP: 27/27 MP: 2/2
   770 | D:1      | Reached XP level 3. HP: 33/33 MP: 3/3
  1102 | D:2      | Reached XP level 4. HP: 28/40 MP: 4/4
  1322 | D:2      | Found a basalt altar of Yredelemnul.
  1866 | D:3      | Noticed Harunobu's ghost (amateur TrFi)
  2332 | D:4      | Noticed a sky beast
  2366 | D:4      | Slain by a sky beast

Vault maps used:
D:1:      dpeg_arrival_windows_large_door, lexackson_kobold_supper
D:2:      marbit_many_paths
D:3:      minmay_tree_intersection
D:4:      serial_undead, serial_undead_e, serial_undead_c, serial_undead_b,
          serial_undead_f, serial_undead_b, serial_undead_f, serial_undead_e,
          serial_undead_b, tso_metal_star

Skill      XL: |  1  2  3  4 |
---------------+-------------+-----
Dodging        | 3 |  3.2
Fighting       | 4 |  4.2
Stealth        | 2 |  2.4
Polearms       | 4 |  4.2

Action                   |  1- 3 |  4- 6 || total
-------------------------+-------+-------++-------
Melee: Spear             |   140 |    89 ||   229
       Tailslap          |     8 |    11 ||    19
  Use: Potion            |       |     2 ||     2
 Stab: Sleeping          |     7 |     3 ||    10
       Invisible         |       |     1 ||     1
  Eat: Chunk             |     1 |     2 ||     3
       Ration            |       |     1 ||     1
Armor: Skin              |    24 |    12 ||    36
Dodge: Dodged            |    51 |    41 ||    92

Table legend:
 A = Spawn XP
 B = Non-spawn XP
 C = Spawn XP percentage of total XP
 D = Spawn monster count
 E = Non-spawn monster count
 F = Spawn count percentage of total count
 G = Total turns spent on level
                    A         B        C        D         E        F      G
               +---------+---------+-------+---------+---------+-------+---------
         Total |       0 |     176 |   0.0 |       0 |      54 |   0.0 |  2366
               +---------+---------+-------+---------+---------+-------+---------
           D:1 |       0 |      45 |   0.0 |       0 |      25 |   0.0 |   816
           D:2 |       0 |      87 |   0.0 |       0 |      27 |   0.0 |  1261
           D:3 |       0 |       1 |   0.0 |       0 |       1 |   0.0 |   127
           D:4 |       0 |      43 |   0.0 |       0 |       1 |   0.0 |   162
               +---------+---------+-------+---------+---------+-------+---------
